 Dungeon Crawl Stone Soup version 0.20-a0-1122-gb7cbeb9 (webtiles) character file.

8895 rgaf the Thrower (level 11, -1/99 HPs)
             Began as a Halfling Berserker on May 11, 2017.
             Was an Elder of Trog.
             Slain by a spiny frog (4 damage)
             ... on level 2 of the Lair of Beasts.
             The game lasted 00:19:27 (14880 turns).

rgaf the Thrower (Halfling Berserker)              Turns: 14880, Time: 00:19:27

Health: -1/99      AC:  8    Str: 24    XL:     11   Next: 64%
Magic:  11/11      EV: 13    Int:  7    God:    Trog [****..]
Gold:   447        SH:  0    Dex: 15    Spells: 10/10 levels left

rFire    + . .     SeeInvis .   a - +0 short sword (elec)
rCold    + . .     Gourm    .   (shield restricted)
rNeg     + . .     Faith    .   A - +1 scale mail
rPois    .         Spirit   .   V - +0 helmet
rElec    .         Reflect  .   X - scarf {rC+ rF+}
rCorr    .         Harm     .   (no gloves)
MR       +....                  (no boots)
Stlth    ..........             (no amulet)
Regen    0.3/turn               d - ring of protection from magic
MPRegen  0.2/turn               i - ring of positive energy

@: berserking, very quick
A: mutation resistance 1
a: Berserk, Trog's Hand, Brothers in Arms, Burn Spellbooks, Renounce Religion


You were on level 2 of the Lair of Beasts.
You worshipped Trog.
Trog was greatly pleased with you.
You were hungry.

You visited 2 branches of the dungeon, and saw 11 of its levels.

You collected 509 gold pieces.
You spent 62 gold pieces at shops.

Inventory:

Hand Weapons
 a - a +0 short sword of electrocution (weapon)
 b - a +0 blowgun
 G - a +0 rapier
 W - a +0 short sword of draining
Missiles
 p - 2 tomahawks of returning
 z - 50 poisoned needles
 B - 6 tomahawks
 H - 12 needles of confusion
 K - 10 needles of sleeping
 Q - 5 poisoned tomahawks (quivered)
 Y - a throwing net
Armour
 A - a +1 scale mail (worn)
 L - a +0 pair of gloves
 N - a +0 buckler
 V - a +0 helmet (worn)
 X - a scarf of resistance (worn)
 Z - a +0 scale mail
Jewellery
 d - a ring of protection from magic (left hand)
 e - an uncursed ring of flight
 i - a ring of positive energy (right hand)
 m - an uncursed amulet of magic regeneration
Wands
 t - a wand of acid (1/15)
 v - a wand of polymorph (10/24)
 y - a wand of clouds (5/9)
 P - a wand of iceblast (1/15)
 R - a wand of polymorph (10/24)
 U - a wand of disintegration (6/24)
Scrolls
 l - 7 scrolls of fear
 n - 4 scrolls of enchant armour
 q - 2 scrolls of fog
 r - 4 scrolls of blinking
 s - 3 scrolls of remove curse
 w - 2 scrolls of teleportation
 S - 2 scrolls of magic mapping
 T - a scroll of identify
Potions
 f - a potion of invisibility {unknown}
 h - 3 potions of agility
 j - a potion of haste
 o - 2 potions of lignification {unknown}
 x - a potion of magic {unknown}
 D - 2 potions of flight {unknown}
 I - 2 potions of heal wounds {unknown}
 O - 5 potions of curing {unknown}
Comestibles
 c - 6 bread rations
 g - a fruit
 k - 6 meat rations
 E - 6 royal jellies


   Skills:
 + Level 2.9 Fighting
 - Level 12.1 Short Blades
 * Level 13.6 Throwing
 + Level 2.5 Armour
 - Level 2.1 Dodging
 * Level 1.9 Stealth


You had 10 spell levels left.
You didn't know any spells.

Dungeon Overview and Level Annotations

Branches:
Dungeon (9/15)             Temple (0/1) D:4            Lair (2/6) D:9
  Swamp: Lair:2-4    Shoals: Lair:2-4     Snake: Lair:2-4    Spider: Lair:2-4
    Orc: D:9-12

Altars:
Dithmenos
Elyvilon
Gozag
Hepliaklqana
Kikubaaqudgha
Makhleb
Trog
Vehumet
Wu Jian
Xom
Zin

Shops:
D:9 (

Annotations:
D:8 exclusion: statue


Innate Abilities, Weirdness & Mutations

You are small and have problems with some larger weapons.
You are somewhat resistant to further mutation.


Message History

You hit the spiny frog.
The spiny frog is lightly wounded.
You hit the spiny frog but do no damage.
The spiny frog is lightly wounded.
The spiny frog stings you!!
A red film seems to cover your vision as you go berserk!
You feel yourself moving faster!
You feel mighty!
You are feeling hungry.
The spiny frog stings you!
* * * LOW HITPOINT WARNING * * *
You puncture the spiny frog!
The spiny frog is heavily wounded.
The spiny frog stings you!
* * * LOW HITPOINT WARNING * * *
You hit the spiny frog but do no damage.
The spiny frog is heavily wounded.
You completely miss the spiny frog.
The spiny frog is heavily wounded.
The spiny frog stings you.
You die...

...........
..........#
..........# ##
%......... #P# #
.....#..##..## ##
......#....## .##
#.........# ..##
##..@F...... ...#
#..##....... ...###
##..#....... .....#
#...##...... ....##
#.### ...... ....#
#####.# #..... ...P#
#P#.#.######....
....#####.....#...#
#...
...###...........####


You could see a spiny frog.

Vanquished Creatures
  A two-headed ogre (D:7)
  The ghost of TwoGrow the Basher, a novice GrFi (D:7)
  The ghost of Likado the Ruffian, a novice VSAs (D:3)
  A troll (D:5)
  A hippogriff (Lair:1)
  A wyvern (Lair:1)
  4 hogs (D:7)
  7 yaks
  A human (D:7)
  3 basilisks (Lair:1)
  5 water moccasins
  6 porcupines
  An ice beast (D:5)
  3 sky beasts
  An orc warrior (D:9)
  2 black bears (D:9)
  A phantom (D:7)
  6 wolves (Lair:1)
  2 ogres
  3 crocodiles (Lair:1)
  A centaur (D:8)
  5 bullfrogs
  2 gnoll sergeants
  A wyvern zombie (D:9)
  2 scorpions
  2 howler monkeys (D:5)
  2 crimson imps
  A quasit (D:7)
  5 jellies
  A bullfrog skeleton (D:7)
  A centaur skeleton (D:9)
  6 orc priests
  6 orc wizards
  Ijyb (D:3)
  Terence (D:2)
  3 iguanas
  10 worker ants
  A hound zombie (D:6)
  2 hound skeletons
  8 adders
  10 gnolls
  A howler monkey skeleton (D:5)
  A shadow imp (D:5)
  10 oozes
  An adder zombie (D:9)
  2 worms
  A dart slug (D:2)
  12 leopard geckos
  38 orcs
  6 giant cockroaches
  6 hobgoblins
  11 jackals
  16 kobolds
  7 quokkas
  A ball python (D:2)
  6 bats
  7 frilled lizards
  8 goblins
  7 rats
  A fungus (D:9)
264 creatures vanquished.

Vanquished Creatures (others)
  9 fungi
  9 toadstools (D:2)
18 creatures vanquished.

Grand Total: 282 creatures vanquished

Notes
Turn   | Place    | Note
-------+----------+-------------------------------------------
     0 | D:1      | rgaf the Halfling Berserker began the quest for the Orb.
     0 | D:1      | Reached XP level 1. HP: 15/15 MP: 1/1
   255 | D:1      | Reached skill level 1 in Throwing
   272 | D:1      | Reached XP level 2. HP: 20/20 MP: 2/2
   798 | D:1      | Reached XP level 3. HP: 18/25 MP: 3/3
   874 | D:1      | Reached skill level 2 in Throwing
  1172 | D:1      | Reached ** piety under Trog
  1488 | D:2      | Found a glowing silver altar of Zin.
  1551 | D:2      | Reached XP level 4. HP: 11/30 MP: 4/4
  1857 | D:2      | Reached skill level 3 in Throwing
  1981 | D:2      | Reached XP level 5. HP: 35/35 MP: 5/5
  1983 | D:2      | Reached skill level 5 in Short Blades
  1988 | D:2      | Reached skill level 4 in Throwing
  2262 | D:2      | Reached XP level 6. HP: 34/41 MP: 6/6
  2363 | D:2      | Noticed Terence
  2373 | D:2      | Killed Terence
  2604 | D:2      | Reached *** piety under Trog
  2917 | D:3      | Noticed Ijyb
  3043 | D:3      | Killed Ijyb
  3043 | D:3      | Reached skill level 5 in Throwing
  3638 | D:3      | Reached XP level 7. HP: 45/45 MP: 7/7
  3728 | D:3      | Noticed Likado's ghost (novice VSAs)
  3748 | D:3      | Killed Likado's ghost
  3748 | D:3      | Reached skill level 6 in Throwing
  4540 | D:4      | Received a gift from Trog
  4677 | D:4      | Reached XP level 8. HP: 46/51 MP: 8/8
  4833 | D:4      | Reached skill level 7 in Throwing
  4949 | D:4      | Received a gift from Trog
  5029 | D:4      | Found a white marble altar of Elyvilon.
  5299 | D:4      | Found a staircase to the Ecumenical Temple.
  5364 | D:5      | Entered Level 5 of the Dungeon
  5382 | D:5      | Noticed a troll
  5403 | D:5      | Killed a troll
  5500 | D:5      | Reached skill level 8 in Throwing
  6031 | D:5      | Reached XP level 9. HP: 14/55 MP: 9/9
  6567 | D:5      | Reached **** piety under Trog
  6838 | D:6      | Found a shadowy altar of Dithmenos.
  6969 | D:6      | Reached skill level 9 in Throwing
  7647 | D:7      | Found a bloodstained altar of Trog.
  7647 | D:7      | Found a hazy altar of Hepliaklqana.
  8255 | D:7      | Reached skill level 10 in Throwing
  8403 | D:7      | Received a gift from Trog
  8403 | D:7      | Reached XP level 10. HP: 17/61 MP: 10/10
  8610 | D:7      | Noticed TwoGrow's ghost (novice GrFi)
  8796 | D:7      | Noticed a two-headed ogre
  8812 | D:7      | Killed a two-headed ogre
  8812 | D:7      | Reached skill level 10 in Short Blades
  8812 | D:7      | Reached skill level 11 in Throwing
  9340 | D:7      | Killed TwoGrow's ghost
  9396 | D:7      | Found a burning altar of Makhleb.
 10168 | D:8      | Found a radiant altar of Vehumet.
 10550 | D:8      | Found an ancient bone altar of Kikubaaqudgha.
 10551 | D:8      | Found a shimmering altar of Xom.
 10913 | D:9      | Reached skill level 12 in Throwing
 11124 | D:9      | Found an opulent altar of Gozag.
 11883 | D:9      | Found Avery's Antique Weapon Emporium.
 11891 | D:9      | Bought a blowgun for 62 gold pieces
 11909 | D:9      | Found an ornate altar of the Wu Jian Council.
 11991 | D:9      | Reached XP level 11. HP: 41/66 MP: 11/11
 12122 | D:9      | Received a gift from Trog
 12164 | D:9      | Found a staircase to the Lair.
 12460 | Lair:1   | Entered Level 1 of the Lair of Beasts
 12849 | Lair:1   | Reached skill level 13 in Throwing
 14042 | Lair:1   | Reached skill level 1 in Stealth
 14812 | Lair:2   | Received a gift from Trog
 14878 | Lair:2   | HP: 3/99 [spiny frog (11)]
 14880 | Lair:2   | Slain by a spiny frog

Vault maps used:
D:1:      eino_arrival_druids_welcome, minmay_tetromino_o4
D:2:      cheibrodos_fertilizer, nicolae_overflow_crystal_walls, uniq_terence
D:3:      uniq_ijyb
D:4:      kennysheep_mini_moat, minmay_temple_entry_trees, first_bread
D:6:      basic_altar, grunt_decor_one_mirror, minmay_statues_item
D:7:      makhleb_grotto_becter, grunt_temple_overflow_open, grunt_livestock
D:8:      gammafunk_temple_overflow_pools, vehumet_statue
D:9:      lemuel_round_altar, due_lair_maze_entry_diamond, basic_altar,
          serial_shops, nicolae_shop_waterfront
Lair:1:   grunt_megastairs_1

Skill      XL: |  1  2  3  4  5  6  7  8  9 10 11 |
---------------+----------------------------------+-----
Throwing       | 1 2 3 4 5 6 8 10 12 13 | 13.6
Short Blades   | 4 5 6 8 9 11 12 | 12.1
Stealth        | 1 |  1.9
Fighting       | |  2.9
Armour         | |  2.5
Dodging        | |  2.1

Action                   |  1- 3 |  4- 6 |  7- 9 | 10-12 || total
-------------------------+-------+-------+-------+-------++-------
Melee: Short sword       |   163 |   185 |   417 |   462 ||  1227
       Unarmed           |       |       |       |     3 ||     3
Throw: Tomahawk          |       |       |     1 |     3 ||     4
Invok: Berserk           |     1 |     1 |     6 |     8 ||    16
       Brothers in Arms  |       |       |       |     1 ||     1
  Use: Scroll            |       |     6 |     8 |     7 ||    21
       Potion            |       |       |       |     4 ||     4
  Eat: Chunk             |     2 |     7 |    21 |    25 ||    55
       Fruit             |     1 |       |       |       ||     1
       Royal jelly       |       |       |       |     1 ||     1
Armor: Leather armour    |    40 |    23 |       |       ||    63
       Scale mail        |       |     6 |    91 |    64 ||   161
Dodge: Dodged            |   127 |   111 |   198 |   153 ||   589
